 Dungeon Sprint DCSS version 0.29-a0-563-g64e4043184 (webtiles) character file.

Game seed: 7502715021666635389

1226 mhtbhm the Grappler (level 8, -10/74 HPs)
             Began as a Formicid Transmuter on June 11, 2022.
             Was an Initiate of Gozag.
             Mangled by a skeletal warrior
             ... wielding a +0 glaive
              (20 damage)
             ... in the Dungeon (Sprint IX: "|||||||||||||||||||||||||||||").
             The game lasted 00:01:27 (1278 turns).

mhtbhm the Grappler (Formicid Transmuter)           Turns: 1278, Time: 00:01:27

Health: -10/74     AC:  7    Str: 23    XL:     8   Next: 76%
Magic:  14/20      EV: 12    Int: 13    God:    Gozag
Gold:   504        SH:  0    Dex: 11    Spells: 13/23 levels left

rFire   x . .      SeeInvis .     - Unarmed
rCold   + + +      Faith    .   (shield currently unavailable)
rNeg    . . .      Spirit   .   (body armour currently unavailable)
rPois   +          Reflect  .   (helmet unavailable)
rElec   .          Harm     .   (cloak currently unavailable)
rCorr   .          Rampage  .   (gloves currently unavailable)
Will    .....                   (boots currently unavailable)
Stlth   +.........              (no amulet)
HPRegen 0.22/turn               h - +3 ring of strength
MPRegen 0.17/turn               j - +3 ring of strength

@: ice-form, wereblooded, gold aura
A: freezing attack, amphibious, boosted hp, permanent stasis, dig shafts and
tunnels, large, (antennae 3), four strong arms
a: End Transformation, Renounce Religion, Potion Petition, Call Merchant, Bribe
Branch


You were in the Dungeon.
You worshipped Gozag.
Gozag was pleased with you.
You were a creature of crystalline ice.
You visited 1 branch You collected 504 gold pieces.

Inventory:

Armour
 a - a +0 robe (melded)
 i - a +0 cloak (melded)
Jewellery
 h - a +3 ring of strength (left front paw)
 j - a +3 ring of strength (right front paw)
Wands
 g - a wand of acid (6)
Scrolls
 f - 2 scrolls of amnesia
Potions
 b - a potion of invisibility
 c - 5 potions of curing
 d - a potion of heal wounds
 e - 4 potions of magic


   Skills:
 + Level 5.2 Fighting
 + Level 6.8 Dodging
 + Level 12.1 Unarmed Combat
 + Level 8.0 Spellcasting
 + Level 8.1 Transmutations
 + Level 1.6 Ice Magic
 + Level 0.4 Poison Magic
 + Level 2.7 Evocations


You had 13 spell levels left.
You knew the following spells:

 Your Spells              Type           Power      Damage    Failure   Level
a - Beastly Appendage     Tmut           52%        N/A       1%          1
b - Wereblood             Tmut           26%        N/A       1%          2
c - Spider Form           Tmut/Pois      16%        N/A       7%          3
d - Ice Form              Ice/Tmut       17%        N/A       19%         4

Your spell library contained the following spells:

 Spells                   Type           Power      Damage    Failure   Level


Dungeon Overview and Level Annotations

Branches:
Dungeon (1/1)

Altars:
Cheibriados
Dithmenos
Elyvilon
Fedhas
Gozag
Hepliaklqana
Kikubaaqudgha
Makhleb
Nemelex Xobeh
Okawaru
Qazlal
Ru
Sif Muna
Trog
Uskayaw
Vehumet
Wu Jian
Xom
Yredelemnul
Zin
The Shining One
Beogh
Jiyva
Lugonu


Innate Abilities, Weirdness & Mutations

You are a creature of crystalline ice.
You have a powerful freezing melee attack.
You are amphibious.
Your maximum health is increased.
Your armour is entirely melded.
You are incapable of wielding weapons or throwing items.
You cannot be hasted, slowed, berserked, paralysed or teleported.
You can dig through walls and to a lower floor.
((You have a pair of large antennae on your head. (SInv)))
Your four strong arms can wield two-handed weapons with a shield.


Message History

You start resting.
You sense a monster nearby.
You start resting.
HP restored.
Unknown command.
Casting: Wereblood (safe; 1% risk of failure)
Confirm with . or Enter, or press ? or * to list all spells.
The spell is quite dangerous to miscast (22% risk of failure)!
Continue anyway?
You turn into a creature of crystalline ice.
Your +0 cloak melds into your body.
Your +0 robe melds into your body.
Casting: Ice Form (dangerous; 22% risk of failure)
Confirm with . or Enter, or press ? or * to list all spells.
Your blood is infused with primal strength.
You open the door.
The two-headed ogre shouts in stereo!
The basilisk hisses angrily.
The basilisk bites you!
The skeletal warrior hits you from afar with a +0 glaive!!
There is an open door here.
You punch the basilisk!
The basilisk seems to slow down.
You freeze the basilisk.
The basilisk is heavily wounded.
The skeletal warrior hits you from afar with a +0 glaive.
The basilisk barely misses you.
You barely miss the basilisk.
The basilisk is heavily wounded.
The skeletal warrior hits you from afar with a +0 glaive!
You punch the basilisk! You freeze the basilisk!
You feel a bit better.
You kill the basilisk!
You howl as the wereblood boils in your veins!
Your Spellcasting skill increases to level 8!
Your Transmutations skill increases to level 8!
The skeletal warrior hits you with a +0 glaive!
* * * LOW HITPOINT WARNING * * *
You see here 54 gold pieces.
You punch the skeletal warrior! You freeze the skeletal warrior.
The skeletal warrior is lightly damaged.
You howl as the wereblood boils in your veins!
The skeletal warrior hits you with a +0 glaive!!
You die...
Your body crumbles into a pile of gold.

▓+▓
▓.▓
▓c▓
▓O▓
▓C▓
▓z▓
▓Y▓
▓'▓
$
▓$▓
$
▓.▓
$ $
▓.▓
$
▓.▓
$ $
▓.▓
▓)▓
$
▓'▓


You could see a skeletal warrior, a two-headed ogre, a cyclops and a centaur.

Vanquished Creatures
  A komodo dragon (D)
  A shadow (D)
  A wyvern (D)
  A basilisk (D)
  2 vampire mosquitoes (D)
  A water moccasin (D)
  An orc warrior (D)
  A howler monkey (D)
  A hound (D)
  A shadow imp (D)
  An orc (D)
  2 quokkas (D)
  A ball python (D)
  2 bats (D)
  A rat (D)
18 creatures vanquished.

Notes
Turn   | Place    | Note
-------+----------+-------------------------------------------
     0 | D        | mhtbhm the Formicid Transmuter began the quest for the Orb.
     0 | D        | Reached XP level 1. HP: 15/15 MP: 3/3
   385 | D        | Noticed a water moccasin
   385 | D        | Noticed a hound
   389 | D        | Killed a hound
   390 | D        | Reached skill level 5 in Unarmed Combat
   390 | D        | Reached XP level 2. HP: 21/21 MP: 4/6
   390 | D        | Reached XP level 3. HP: 26/26 MP: 4/7
   397 | D        | Killed a water moccasin
   398 | D        | Reached skill level 7 in Unarmed Combat
   398 | D        | Reached XP level 4. HP: 34/34 MP: 5/10
   398 | D        | Reached XP level 5. HP: 39/39 MP: 6/12
   443 | D        | Found a snail-covered altar of Cheibriados.
   443 | D        | Found a shadowy altar of Dithmenos.
   443 | D        | Found a white marble altar of Elyvilon.
   443 | D        | Found a blossoming altar of Fedhas.
   443 | D        | Found an opulent altar of Gozag.
   444 | D        | Found a hazy altar of Hepliaklqana.
   445 | D        | Found a viscous altar of Jiyva.
   446 | D        | Found an ancient bone altar of Kikubaaqudgha.
   447 | D        | Found a corrupted altar of Lugonu.
   448 | D        | Found a burning altar of Makhleb.
   449 | D        | Found a sparkling altar of Nemelex Xobeh.
   450 | D        | Found an iron altar of Okawaru.
   451 | D        | Became a worshipper of Gozag Ym Sagoz the Greedy
   452 | D        | Found a stormy altar of Qazlal.
   453 | D        | Found a sacrificial altar of Ru.
   454 | D        | Found a shimmering blue altar of Sif Muna.
   455 | D        | Found a bloodstained altar of Trog.
   456 | D        | Found a hide-covered altar of Uskayaw.
   457 | D        | Found a radiant altar of Vehumet.
   458 | D        | Found an ornate altar of the Wu Jian Council.
   459 | D        | Found a shimmering altar of Xom.
   460 | D        | Found a basalt altar of Yredelemnul.
   461 | D        | Found a glowing silver altar of Zin.
   462 | D        | Found a glowing golden altar of the Shining One.
   501 | D        | Learned a level 2 spell: Wereblood
   505 | D        | Learned a level 3 spell: Spider Form
   510 | D        | Learned a level 4 spell: Ice Form
   543 | D        | Noticed a vampire mosquito
   543 | D        | Noticed a shadow
   543 | D        | Noticed a komodo dragon
   543 | D        | Noticed a wyvern
   543 | D        | Noticed an orc warrior
   549 | D        | Killed a wyvern
   550 | D        | Reached skill level 9 in Unarmed Combat
   550 | D        | Reached skill level 5 in Spellcasting
   550 | D        | Reached skill level 5 in Transmutations
   550 | D        | Reached XP level 6. HP: 26/47 MP: 7/14
   550 | D        | Killed an orc warrior
   551 | D        | Reached skill level 5 in Dodging
   551 | D        | Reached skill level 10 in Unarmed Combat
   551 | D        | Reached skill level 1 in Evocations
   551 | D        | Reached XP level 7. HP: 30/53 MP: 7/16
   553 | D        | Killed a komodo dragon
   554 | D        | Reached skill level 11 in Unarmed Combat
   558 | D        | Killed a shadow
   559 | D        | Reached XP level 8. HP: 21/61 MP: 8/19
   909 | D        | Reached skill level 1 in Ice Magic
  1026 | D        | Noticed a two-headed ogre
  1026 | D        | Noticed a cyclops
  1026 | D        | Noticed a skeletal warrior
  1026 | D        | Noticed a basilisk
  1035 | D        | Reached skill level 5 in Fighting
  1035 | D        | Reached skill level 12 in Unarmed Combat
  1276 | D        | Killed a basilisk
  1278 | D        | Mangled by a skeletal warrior

Illustrated notes

Levels and vault maps discovered:
D:        linesprint [early_d, line_temple, items_1, d_10, items_2, lair_1,
          lair_end, items_3, orc_1, orc_end, items_4, d_15, swamp_1, shoals_1,
          snake_1, spider_1, d_20, vaults_1, items_5, swamp_end, shoals_end,
          snake_end, spider_end, vaults_end, d_27, items_6, zot_1, zot_end,
          crypt_end, forest_end, elf_end, slime_end, tomb_end, abyss_end,
          pan_hell_end]

Skill      XL: |  1  2  3  4  5  6  7  8 |
---------------+-------------------------+-----
Dodging        | 3 4 5 6 |  6.8
Unarmed Combat | 5 7 9 10 11 12 | 12.1
Spellcasting   | 3 4 5 6 7 8 |  8.0
Transmutations | 3 4 5 6 7 8 |  8.1
Fighting       | 2 3 4 5 |  5.2
Evocations     | 1 2 |  2.7
Ice Magic      | 1 |  1.6
Poison Magic   | |  0.4

Action                   |  1- 3 |  4- 6 |  7- 9 || total
-------------------------+-------+-------+-------++-------
Melee: Unarmed           |    30 |     2 |    26 ||    58
       Punch             |     2 |       |       ||     2
       Kick              |     1 |       |       ||     1
 Cast: Beastly Appendage |     3 |       |       ||     3
       Ice Form          |       |     1 |     2 ||     3
       Wereblood         |       |     1 |     2 ||     3
       Spider Form       |       |       |     1 ||     1
Evoke: Wand              |       |     4 |       ||     4
  Use: Potion            |     1 |     2 |       ||     3
Armor: Robe              |     7 |       |       ||     7
       Skin              |     8 |     1 |     6 ||    15
Dodge: Dodged            |    15 |     2 |    17 ||    34

Table legend: (Time is in decaauts)
 A = Elapsed time spent in this place.
 B = Non-inter-level travel time spent in this place.
 C = Inter-level travel time spent in this place.
 D = Time resting spent in this place.
 E = Time spent auto-exploring this place.
 F = Levels seen in this place.
 G = Mean time per level.
                   A        B        C        D        E       F      G
               +--------+--------+--------+--------+--------+-----+--------+
         Total |   1268 |   1268 |      0 |   1090 |      0 |   1 | 1268.0 |
       Dungeon |   1268 |   1268 |      0 |   1090 |      0 |   1 | 1268.0 |
               +--------+--------+--------+--------+--------+-----+--------+

Top non-repeatable levels by time:
       D: 1268 daAuts
